[Event "58th Akiba Rubinstein B 2022"]
[Site "Polanica-Zdroj"]
[Date "2022.08.15"]
[Round "3.7"]
[White "Kowalczyk, Wojciech"]
[Black "Smukowski, Bartosz"]
[Result "1/2-1/2"]
[ECO "B24"]
[WhiteElo "1835"]
[BlackElo "1696"]
[Annotator "NA RC"]
[PlyCount "44"]
[EventDate "2022.08.13"]
[EventCountry "POL"]
[SourceTitle "playchess.com"]
[Source "ChessBase"]
[SourceQuality "1"]
[TimeControl "40/5400+30:1800+30"]

1. e4 c5 2. Nc3 Nc6 3. Bb5 Nd4 4. Nf3 a6 5. Bd3 e6 6. O-O Nc6 7. b3 d6 8. Bb2 e5 9. Nd5 Nf6 10. c3 Nxd5 11. exd5 $11 Ne7 12. Bc2 g6 13. d4 exd4 14. cxd4 Bg7 15. Qc1 cxd4 16. Bxd4 Bxd4 17. Nxd4 O-O 18. Qg5 Nf5 19. Qxd8 Rxd8 20. Bxf5 Bxf5 21. Nxf5 gxf5 22. Rac1 Rac8 1/2-1/2

[Event "58th Akiba Rubinstein B 2022"]
[Site "Polanica-Zdroj"]
[Date "2022.08.15"]
[Round "3.8"]
[White "Ochenduszko, Bartosz"]
[Black "Jaworski, Tymon"]
[Result "0-1"]
[ECO "D37"]
[WhiteElo "1546"]
[BlackElo "1701"]
[Annotator "NA RC"]
[PlyCount "78"]
[EventDate "2022.08.13"]
[EventCountry "POL"]
[SourceTitle "playchess.com"]
[Source "ChessBase"]
[SourceQuality "1"]
[TimeControl "40/5400+30:1800+30"]

1. Nf3 d5 2. d4 Nf6 3. c4 e6 4. Nc3 Be7 5. Bf4 O-O 6. e3 c5 7. Bd3 Nc6 8. O-O cxd4 9. exd4 dxc4 10. Bxc4 Nb4 11. Rc1 a6 12. a3 Nbd5 13. Bg3 Nxc3 14. Rxc3 b5 15. Ba2 Bb7 16. Ne5 Rc8 17. Rxc8 Qxc8 18. Re1 Rd8 19. Nxf7 Kxf7 20. Bxe6+ Qxe6 21. Rxe6 Kxe6 22. Be5 Kf7 23. h3 Bd5 24. Qe1 Rc8 25. Qd2 Rc6 26. g4 Ne4 27. Qf4+ Kg8 28. Bxg7 Ng5 29. Kf1 Bc4+ 30. Ke1 Kxg7 31. d5 Rc8 32. b3 Re8 33. Kd2 Bxd5 34. h4 Nf3+ 35. Kc2 Bf6 36. Qc7+ Re7 37. Qc5 Re2+ 38. Kd3 Rd2+ 39. Ke3 Bd4+ 0-1

[Event "58th Akiba Rubinstein B 2022"]
[Site "Polanica-Zdroj"]
[Date "2022.08.15"]
[Round "3.10"]
[White "Terkiewicz, Bruno"]
[Black "Owoc, Jakub"]
[Result "1/2-1/2"]
[ECO "E91"]
[WhiteElo "1473"]
[BlackElo "1756"]
[Annotator "NA RC"]
[PlyCount "64"]
[EventDate "2022.08.13"]
[EventCountry "POL"]
[SourceTitle "playchess.com"]
[Source "ChessBase"]
[SourceQuality "1"]
[TimeControl "40/5400+30:1800+30"]

1. d4 Nf6 2. c4 g6 3. Nc3 Bg7 4. e4 d6 5. Be2 O-O 6. Nf3 Nbd7 7. O-O e5 8. Be3 Qe7 9. d5 c5 10. Ne1 Kh8 11. g4 Ng8 12. Kh1 f5 13. gxf5 gxf5 14. exf5 Ndf6 15. Rg1 Bxf5 16. Ng2 Nh6 17. Nh4 Bd7 18. Bg5 Qf7 19. Qd2 Nf5 20. Nxf5 Bxf5 21. Qe3 Bg6 22. Rg2 Rae8 23. Bxf6 Qxf6 24. Ne4 Bxe4 25. Qxe4 Qh6 26. Rag1 Rf4 27. Qe3 Re7 28. b3 Ref7 29. Bd3 Qh4 30. f3 Qh5 31. Be4 Qh4 32. Qd2 Qd8 1/2-1/2

[Event "58th Akiba Rubinstein B 2022"]
[Site "Polanica-Zdroj"]
[Date "2022.08.15"]
[Round "3.11"]
[White "Twardowski, Hubert"]
[Black "Uliasz, Katarzyna"]
[Result "1/2-1/2"]
[ECO "B76"]
[WhiteElo "1849"]
[BlackElo "1566"]
[Annotator "NA RC"]
[PlyCount "87"]
[EventDate "2022.08.13"]
[EventCountry "POL"]
[SourceTitle "playchess.com"]
[Source "ChessBase"]
[SourceQuality "1"]
[TimeControl "40/5400+30:1800+30"]

1. e4 c5 2. Nf3 d6 3. d4 cxd4 4. Nxd4 Nf6 5. Nc3 g6 6. Be3 Bg7 7. f3 O-O 8. Qd2 Nc6 9. O-O-O d5 10. exd5 Nxd5 11. Nxc6 bxc6 12. Bd4 e5 13. Bc5 Be6 $14 14. Ne4 Qb8 15. Bc4 Rd8 16. h4 h6 17. g4 a5 18. a4 Qc7 19. Qf2 Rab8 20. h5 g5 21. Ba3 Bf8 22. Bxf8 Kxf8 23. Qc5+ Kg7 24. Rhe1 Rb4 25. Bb3 Qb7 26. Rd3 Rb8 27. Nd6 Qa6 28. Nc4 Nf4 29. Qxe5+ Kg8 30. Rc3 Nd5 31. Rd3 Nf4 32. Rd4 c5 33. Rd6 Qa7 34. Qe4 Qc7 35. Red1 Bxc4 36. Bxc4 Rxa4 37. Bxf7+ Qxf7 38. Rd8+ Rxd8 39. Rxd8+ Kg7 40. Qe5+ Qf6 41. Rd7+ Kg8 42. Qxf6 Ne2+ 43. Kd2 Rf4 44. Qg7# 1/2-1/2

[Event "58th Akiba Rubinstein B 2022"]
[Site "Polanica-Zdroj"]
[Date "2022.08.15"]
[Round "3.12"]
[White "Graff, Slawomir"]
[Black "Bartlomowicz, Jakub"]
[Result "1/2-1/2"]
[ECO "D10"]
[WhiteElo "1782"]
[BlackElo "1922"]
[Annotator "NA RC"]
[PlyCount "145"]
[EventDate "2022.08.13"]
[EventCountry "POL"]
[SourceTitle "playchess.com"]
[Source "ChessBase"]
[SourceQuality "1"]
[TimeControl "40/5400+30:1800+30"]

1. d4 d5 2. c4 c6 3. cxd5 cxd5 4. Nf3 Nf6 5. Nc3 Nc6 6. Bf4 a6 7. e3 Bg4 8. Be2 e6 {[%emt 0:00:14] 8...Bxf3 is more fashionable.} 9. a3 Bd6 10. Bxd6 Qxd6 11. Nd2 Bxe2 {[%emt 0:01:02] [#]} 12. Nxe2 $146 ({Predecessor:} 12. Qxe2 O-O 13. Nb3 Nd7 14. O-O b5 15. Na2 Nb6 16. Nac1 Nc4 17. Nd3 a5 18. a4 bxa4 19. Rxa4 {0-1 (75) Zorko,J (2460)-Solak,D (2613) Ljubljana 2012}) 12... O-O 13. b4 Rfc8 14. h3 Na7 15. O-O Qe7 16. Qb3 b6 17. Rfc1 Nb5 18. Rxc8+ Rxc8 19. Qd3 Qb7 20. Rc1 h6 21. Rxc8+ Qxc8 22. f3 $11 Nd6 23. e4 Nc4 24. e5 Nd7 25. a4 b5 26. Nxc4 dxc4 27. Qa3 bxa4 28. Qxa4 c3 29. Nxc3 Qxc3 30. Qxd7 Qxb4 31. Qc8+ Kh7 32. Qxa6 Qxd4+ 33. Kh1 Qxe5 34. Qd3+ g6 35. Qd7 Kg7 36. Qd3 g5 37. Qc4 h5 38. Qd3 Qc5 39. Qb1 Qc3 40. Qb5 Kf6 41. Qe8 Qc1+ 42. Kh2 Qf4+ 43. Kh1 Kg7 44. Qb5 Qf6 45. Qc4 Qf4 46. Qc3+ e5 47. Qb2 g4 48. hxg4 hxg4 49. fxg4 Kf6 50. Qb8 Qxg4 51. Qd8+ Kg7 52. Qa5 Qf4 53. Qc7 Qf6 54. Qc8 e4 55. Kg1 Qd4+ 56. Kf1 e3 57. Qc2 Kf6 58. Ke2 Ke5 59. Qc7+ Kf6 60. Qc2 Kg5 61. Qa2 Qf4 62. Qd5+ f5 63. Qg8+ Kh4 64. Qh7+ Kg4 65. Qg7+ Qg5 66. Qxg5+ Kxg5 67. Kxe3 Kg4 68. Ke2 Kg3 69. Ke3 f4+ 70. Ke4 Kg4 71. Ke5 Kg3 72. Ke4 Kxg2 73. Kxf4 1/2-1/2

[Event "58th Akiba Rubinstein B 2022"]
[Site "Polanica-Zdroj"]
[Date "2022.08.15"]
[Round "3.14"]
[White "Nowak, Roksana"]
[Black "Jedrzejko, Martyna"]
[Result "1/2-1/2"]
[ECO "C00"]
[WhiteElo "1779"]
[BlackElo "1533"]
[Annotator "NA RC"]
[PlyCount "85"]
[EventDate "2022.08.13"]
[EventCountry "POL"]
[SourceTitle "playchess.com"]
[Source "ChessBase"]
[SourceQuality "1"]
[TimeControl "40/5400+30:1800+30"]

1. e4 e6 2. d3 d5 3. Nd2 c5 4. g3 Nc6 5. Bg2 Nf6 6. Ne2 Be7 7. O-O O-O 8. Nf4 Qd7 9. Re1 b6 10. exd5 Nxd5 11. Nxd5 exd5 12. c4 Nb4 13. Nf1 Bb7 14. a3 Na6 15. Qf3 Rab8 16. Bf4 Bd6 17. Bxd6 Qxd6 18. cxd5 Nc7 19. Ne3 g6 20. Qg4 Kh8 21. Nc4 Qd8 22. d6 Ne8 23. d7 Nf6 24. Qf4 Bxg2 25. Kxg2 Nxd7 26. Nd6 Kg8 27. Ne4 Rc8 28. g4 Qc7 29. Qh6 f5 30. Ng5 Nf6 31. Ne6 Qb7+ 32. Kg1 Nxg4 33. Qh4 Rfe8 34. h3 Qc6 35. hxg4 Rxe6 36. gxf5 gxf5 37. Re3 Rh6 38. Qc4+ Kf8 39. Kf1 Rh1+ 40. Ke2 Rxa1 41. Qc3 Kf7 42. Qc4+ Kf8 43. Qc3 1/2-1/2

[Event "58th Akiba Rubinstein B 2022"]
[Site "Polanica-Zdroj"]
[Date "2022.08.15"]
[Round "3.15"]
[White "Hury, Tymoteusz"]
[Black "Mocko, Maciej"]
[Result "1-0"]
[ECO "B23"]
[WhiteElo "1679"]
[BlackElo "1525"]
[Annotator "NA RC"]
[PlyCount "63"]
[EventDate "2022.08.13"]
[EventCountry "POL"]
[SourceTitle "playchess.com"]
[Source "ChessBase"]
[SourceQuality "1"]
[TimeControl "40/5400+30:1800+30"]

1. e4 c5 2. Nc3 Nc6 3. f4 g6 4. Nf3 Bg7 5. Bb5 e6 6. Bxc6 bxc6 7. O-O d5 8. e5 Ne7 9. d3 O-O 10. b3 Nf5 11. Na4 c4 12. dxc4 dxc4 13. Qe2 cxb3 14. axb3 Qa5 15. Bd2 Qb5 16. Qf2 Rd8 17. Nc3 Qb8 18. Ne4 h5 19. Ra5 Rd5 20. Rfa1 a6 21. R5a4 Kh8 22. Bb4 Bb7 23. Nfg5 Kg8 24. Ba5 Bh6 25. Nf6+ Kg7 26. Nge4 Rxe5 27. Bc3 Rxe4 28. Nd7+ Kh7 29. Nxb8 Rxa4 30. Rxa4 Rxb8 31. Qa7 Bxf4 32. Rxf4 1-0

[Event "58th Akiba Rubinstein B 2022"]
[Site "Polanica-Zdroj"]
[Date "2022.08.16"]
[Round "4.1"]
[White "Chmiel, Marcin"]
[Black "Zerebiec, Maurycy"]
[Result "0-1"]
[ECO "A36"]
[WhiteElo "2192"]
[BlackElo "1915"]
[Annotator "RC"]
[PlyCount "104"]
[EventDate "2022.08.13"]
[EventCountry "POL"]
[SourceTitle "playchess.com"]
[Source "ChessBase"]
[SourceQuality "1"]
[TimeControl "40/5400+30:1800+30"]

1. c4 c5 2. g3 Nc6 3. Bg2 g6 4. Nc3 Bg7 5. a3 d6 6. Rb1 a5 7. d3 e5 8. e3 Nge7 9. Nge2 Rb8 10. Bd2 O-O 11. O-O Be6 12. Nd5 b5 13. cxb5 Bxd5 14. Bxd5 Nxd5 15. bxc6 Qb6 16. Qa4 Ra8 17. Nc3 Ne7 18. e4 Qxc6 19. Qc4 Qa6 20. Nb5 Rfb8 21. a4 Qc6 22. Rbc1 Rc8 23. Be3 Qd7 24. b3 Rc6 25. Nc3 Rb6 26. Nb5 Rc6 27. Bg5 d5 28. Qc2 f6 29. Be3 Rac8 30. Qd2 d4 31. Bh6 Bxh6 32. Qxh6 f5 33. Rce1 Rf6 34. f4 fxe4 35. Rxe4 exf4 36. Rexf4 Rxf4 37. Qxf4 Nd5 38. Qf3 Qe6 39. Kh1 Ne3 40. Nc7 Qxb3 41. Qe4 Nxf1 42. Nd5 Rf8 43. Qe6+ Kg7 44. Qe7+ Rf7 45. Qe5+ Kh6 46. Nf6 Rxf6 47. Qxf6 Qd5+ 48. Kg1 Ne3 49. Qf8+ Kh5 50. g4+ Kxg4 51. h3+ Kh5 52. Qf2 Qg2+ 0-1

[Event "58th Akiba Rubinstein B 2022"]
[Site "Polanica-Zdroj"]
[Date "2022.08.16"]
[Round "4.2"]
[White "Kossowski, Pawel"]
[Black "Halhoul, Adam"]
[Result "0-1"]
[ECO "B33"]
[WhiteElo "1737"]
[BlackElo "1672"]
[Annotator "NA RC"]
[PlyCount "76"]
[EventDate "2022.08.13"]
[EventCountry "POL"]
[SourceTitle "playchess.com"]
[Source "ChessBase"]
[SourceQuality "1"]
[TimeControl "40/5400+30:1800+30"]

1. e4 c5 2. Nf3 Nc6 3. d4 cxd4 4. Nxd4 Nf6 5. Nc3 e5 6. Ndb5 d6 7. Bg5 a6 8. Na3 b5 9. Bxf6 gxf6 10. Nd5 Bg7 11. g3 O-O 12. Bg2 Ne7 13. Ne3 Ra7 14. Qd3 f5 15. exf5 e4 16. Bxe4 Bxb2 17. O-O Bxa1 18. Rxa1 d5 19. Qd4 dxe4 20. Qxa7 Qd6 21. Rd1 Qxa3 22. f6 Ng6 23. Qd4 Re8 24. h4 Qf8 25. Nd5 Bg4 26. Rd2 h5 27. Qe3 Kh7 28. Nc7 Rc8 29. Nxa6 Bf3 30. Qb3 Qe8 31. Rd5 e3 32. fxe3 Bxd5 33. Qxd5 Qxe3+ 34. Kf1 Qc1+ 35. Ke2 Qxc2+ 36. Ke3 Re8+ 37. Kd4 Rd8 38. Qxd8 Qd2+ 0-1

[Event "58th Akiba Rubinstein B 2022"]
[Site "Polanica-Zdroj"]
[Date "2022.08.16"]
[Round "4.3"]
[White "Jaworski, Tymon"]
[Black "Rzenca, Jerzy"]
[Result "1-0"]
[ECO "B19"]
[WhiteElo "1701"]
[BlackElo "1668"]
[Annotator "NA RC"]
[PlyCount "109"]
[EventDate "2022.08.13"]
[EventCountry "POL"]
[SourceTitle "playchess.com"]
[Source "ChessBase"]
[SourceQuality "1"]
[TimeControl "40/5400+30:1800+30"]

1. e4 c6 2. d4 d5 3. Nd2 dxe4 4. Nxe4 Bf5 5. Ng3 Bg6 6. Nf3 Nd7 7. h4 h6 8. h5 Bh7 9. Bd3 Bxd3 10. Qxd3 e6 11. Bd2 Ngf6 12. O-O-O Be7 13. Kb1 Qb6 14. c4 Rd8 15. Bc3 O-O 16. Nh4 Qc7 17. Ne2 Nc5 18. Qf3 Nce4 19. g4 Nxc3+ 20. Nxc3 Nh7 21. Qe3 Bg5 22. Qe2 Bf6 23. Nf3 Ng5 24. Ne4 Qf4 25. Nxf6+ gxf6 26. Nxg5 fxg5 27. f3 Rd7 28. Qe4 Qxe4+ 29. fxe4 Rfd8 30. d5 cxd5 31. exd5 exd5 32. c5 d4 33. Rd3 Re7 34. b4 Re2 35. Rhd1 Re4 36. Rg1 Kg7 37. Kc2 b6 38. Kb3 bxc5 39. bxc5 Re5 40. Rc1 Rb8+ 41. Ka4 Re6 42. Ka5 Kf8 43. Rxd4 Rc6 44. Rd6 Rxd6 45. cxd6 Ke8 46. Rf1 Rb2 47. a4 Rg2 48. Rf6 Rxg4 49. Rxh6 Rh4 50. Kb5 Kd7 51. Rf6 a6+ 52. Kxa6 Rxa4+ 53. Kb5 Rf4 54. Rxf4 gxf4 55. Kc4 1-0

[Event "58th Akiba Rubinstein B 2022"]
[Site "Polanica-Zdroj"]
[Date "2022.08.16"]
[Round "4.4"]
[White "Wilk, Aleksander"]
[Black "Twardowski, Hubert"]
[Result "0-1"]
[ECO "C55"]
[WhiteElo "1569"]
[BlackElo "1849"]
[Annotator "NA RC"]
[PlyCount "164"]
[EventDate "2022.08.13"]
[EventCountry "POL"]
[SourceTitle "playchess.com"]
[Source "ChessBase"]
[SourceQuality "1"]
[TimeControl "40/5400+30:1800+30"]

1. e4 e5 2. Nf3 Nc6 3. Bc4 Nf6 4. d3 Be7 5. c3 O-O 6. O-O d6 7. h3 Ne8 8. b4 Be6 9. Bxe6 fxe6 10. b5 Na5 11. Be3 Qd7 12. c4 b6 13. Nc3 Bf6 14. Rc1 c5 15. Qe2 Nc7 16. Bg5 Qe7 17. Bxf6 Qxf6 18. Qe3 h6 19. Rb1 Nb7 20. a4 Qf7 21. Rfe1 Ne8 22. Nd2 Kh7 23. g3 g5 24. Re2 Qh5 25. Kg2 Nf6 26. g4 Qg6 27. f3 Ng8 28. Rf1 Qf6 29. Ref2 Ne7 30. Ne2 Ng6 31. Nb3 a6 32. Ra1 a5 33. Raf1 Nd8 34. Rd1 Nf7 35. Rdf1 Nfh8 36. Nbc1 Ra7 37. Ng3 Nf4+ 38. Kh2 Nhg6 39. Nge2 Qd8 40. Nxf4 Rxf4 41. Ne2 Rf8 42. Ng3 Raf7 43. Nh5 d5 44. exd5 exd5 45. cxd5 Qxd5 46. Qe4 Rd7 47. Kg3 Qxd3 48. Qc6 Qd6 49. Rb1 Nf4 50. Qe4+ Qg6 51. Qxg6+ Kxg6 52. Nxf4+ Rxf4 53. Re1 Kf6 54. Rfe2 Rd5 55. Re4 Rxe4 56. fxe4 Rd3+ 57. Kg2 Rd4 58. Rf1+ Ke7 59. h4 gxh4 60. Rf5 Rxe4 61. Kh3 Rxa4 62. Rxe5+ Kf6 63. Rd5 Re4 64. Rf5+ Kg6 65. Rd5 Re6 66. Kxh4 Kf7 67. Rd7+ Kf6 68. Kh5 Ke5 69. Rc7 Kd5 70. Rc8 Kc4 71. Rc6 Re5+ 72. Kxh6 Kxb5 73. Rf6 a4 74. Rf5 Re1 75. g5 a3 76. Rf2 Rh1+ 77. Kg7 Rg1 78. g6 Kb4 79. Rf6 b5 80. Ra6 c4 81. Kf7 c3 82. g7 Rxg7+ 0-1

[Event "58th Akiba Rubinstein B 2022"]
[Site "Polanica-Zdroj"]
[Date "2022.08.16"]
[Round "4.5"]
[White "Lukasiewicz, Anna"]
[Black "Kowalczyk, Wojciech"]
[Result "1-0"]
[ECO "B70"]
[WhiteElo "1954"]
[BlackElo "1835"]
[Annotator "NA"]
[PlyCount "67"]
[EventDate "2022.08.13"]
[EventCountry "POL"]
[SourceTitle "playchess.com"]
[Source "ChessBase"]
[SourceQuality "1"]
[TimeControl "40/5400+30:1800+30"]

1. e4 c5 2. Nf3 d6 3. d4 cxd4 4. Nxd4 Nf6 5. Nc3 g6 6. Bc4 Bg7 7. h3 O-O 8. Nf3 Nbd7 9. O-O a6 10. a4 b6 11. Qe2 Bb7 12. Rd1 Qc7 13. Nd5 Nxd5 14. Bxd5 Rac8 15. c3 Nc5 16. Bg5 e6 17. Bxb7 Qxb7 18. Re1 b5 19. axb5 axb5 20. Rad1 Rc6 21. Bf4 e5 22. Bc1 b4 23. cxb4 Qxb4 24. Nd2 f5 25. exf5 gxf5 26. Nc4 Ne4 27. Ne3 Qb3 28. Nxf5 Nxf2 29. Qxf2 Qe6 30. Rf1 Rf7 31. Nxg7 Kxg7 32. Qg3+ Kh8 33. Rxf7 Qxf7 34. Rf1 1-0

[Event "58th Akiba Rubinstein B 2022"]
[Site "Polanica-Zdroj"]
[Date "2022.08.16"]
[Round "4.6"]
[White "Wesolek, Krzysztof"]
[Black "Rogala, Milosz"]
[Result "0-1"]
[ECO "C54"]
[WhiteElo "1747"]
[BlackElo "1837"]
[Annotator "NA RC"]
[PlyCount "150"]
[EventDate "2022.08.13"]
[EventCountry "POL"]
[SourceTitle "playchess.com"]
[Source "ChessBase"]
[SourceQuality "1"]
[TimeControl "40/5400+30:1800+30"]

1. e4 e5 2. Nf3 Nc6 3. Bc4 Bc5 4. c3 Nf6 5. d4 exd4 6. cxd4 Bb4+ 7. Nbd2 d5 8. exd5 Nxd5 9. O-O O-O 10. a3 Bxd2 11. Bxd2 Nb6 12. Bd3 Nxd4 13. Bc3 Nxf3+ 14. Qxf3 Qh4 15. h3 c6 16. Rfe1 Nd5 17. Be5 Be6 18. Re4 Qg5 19. h4 Qh6 20. Rae1 Rad8 21. Bd4 Nf6 22. Bxf6 Qxf6 23. Qxf6 gxf6 24. R4e3 Rd4 25. Rg3+ Kh8 26. Re4 Rxe4 27. Bxe4 Rg8 28. Re3 Rg4 29. g3 f5 30. Bf3 Rd4 31. Rc3 Kg7 32. Kf1 Bd5 33. Bxd5 Rxd5 34. Ke2 Kf6 35. b3 Ra5 36. b4 Rd5 37. f3 Ke6 38. Ke3 Ke5 39. Rc4 a5 40. bxa5 Rxa5 41. a4 h6 42. Kd2 Rd5+ 43. Kc3 Kd6 44. Rf4 b5 45. axb5 Rc5+ 46. Kb3 Rxb5+ 47. Kc3 Rc5+ 48. Kd4 Ra5 49. Kc3 Ke5 50. Kb4 Rd5 51. Kc3 Rd1 52. Ra4 Rf1 53. Ra5+ Ke6 54. Ra6 Rxf3+ 55. Kd4 Kd6 56. Ra5 Rxg3 57. Rxf5 Rg4+ 58. Kd3 Rxh4 59. Rxf7 h5 60. Rf6+ Kc5 61. Kc3 Rh3+ 62. Kc2 h4 63. Rf5+ Kb4 64. Rf4+ Kb5 65. Rf5+ c5 66. Rf4 c4 67. Rf8 Rg3 68. Rb8+ Kc5 69. Rc8+ Kd4 70. Rd8+ Ke3 71. Kc3 Rg4 72. Re8+ Kf2 73. Rh8 Kg2 74. Rd8 h3 75. Rd2+ Kg3 0-1

[Event "58th Akiba Rubinstein B 2022"]
[Site "Polanica-Zdroj"]
[Date "2022.08.16"]
[Round "4.7"]
[White "Sypien, Natan"]
[Black "Turek, Michal"]
[Result "1-0"]
[ECO "C78"]
[WhiteElo "1780"]
[BlackElo "1681"]
[Annotator "NA RC"]
[PlyCount "65"]
[EventDate "2022.08.13"]
[EventCountry "POL"]
[SourceTitle "playchess.com"]
[Source "ChessBase"]
[SourceQuality "1"]
[TimeControl "40/5400+30:1800+30"]

1. e4 e5 2. Nf3 Nc6 3. Bb5 a6 4. Ba4 Nf6 5. O-O Bc5 6. c3 b5 7. Bc2 d5 8. d4 dxe4 9. Nxe5 Nxe5 10. dxe5 Qxd1 11. Rxd1 Ng4 12. Bxe4 Nxf2 13. Bc6+ Ke7 14. Rd5 Bb6 15. Bxa8 Be6 16. Rd4 Nd3 17. Bg5+ f6 18. Be4 Nxe5 19. Be3 Ng4 20. Bf2 Rd8 21. Nd2 Nxf2 22. Kxf2 f5 23. Bb7 Bxd4+ 24. cxd4 Rxd4 25. Ke3 Rd6 26. b4 g5 27. Rc1 f4+ 28. Ke2 Kd7 29. Ne4 Bg4+ 30. Ke1 Re6 31. Kf1 Kd8 32. Nxg5 Re2 33. Rd1+ 1-0

[Event "58th Akiba Rubinstein B 2022"]
[Site "Polanica-Zdroj"]
[Date "2022.08.16"]
[Round "4.8"]
[White "Smukowski, Bartosz"]
[Black "Hury, Tymoteusz"]
[Result "1-0"]
[ECO "D31"]
[WhiteElo "1696"]
[BlackElo "1679"]
[Annotator "NA RC"]
[PlyCount "89"]
[EventDate "2022.08.13"]
[EventCountry "POL"]
[SourceTitle "playchess.com"]
[Source "ChessBase"]
[SourceQuality "1"]
[TimeControl "40/5400+30:1800+30"]

1. d4 d5 2. c4 e6 3. Nc3 Be7 4. Bf4 Nf6 5. e3 O-O 6. Bd3 Nbd7 7. c5 c6 8. Nge2 b6 9. b4 a5 10. a3 Nh5 11. Bg3 h6 12. O-O Nxg3 13. hxg3 e5 14. Bf5 exd4 15. Nxd4 Ne5 16. Bxc8 Rxc8 17. Na4 Nc4 18. Ra2 b5 19. Nc3 Bf6 20. Nce2 Qc7 21. Nf4 g6 22. Qf3 Ne5 23. Qe2 Ra8 24. Rfa1 Nc4 25. a4 Bxd4 26. exd4 axb4 27. axb5 Rxa2 28. Qxa2 cxb5 29. Qb3 Qe7 30. Nxd5 Qd8 31. Nxb4 Qxd4 32. Rd1 Qxc5 33. Rd5 Qb6 34. Nd3 Rb8 35. Nf4 Qa5 36. Qxc4 Qa1+ 37. Qf1 Qb2 38. Qd1 b4 39. Rd2 Qe5 40. Re2 Qb5 41. Qd5 Qa6 42. Qe5 Rc8 43. Nd5 Rc1+ 44. Kh2 Qc4 45. Nf6+ 1-0

[Event "58th Akiba Rubinstein B 2022"]
[Site "Polanica-Zdroj"]
[Date "2022.08.16"]
[Round "4.9"]
[White "Szuber, Dawid"]
[Black "Trusz, Julia"]
[Result "0-1"]
[ECO "B03"]
[WhiteElo "1484"]
[BlackElo "1706"]
[Annotator "NA"]
[PlyCount "70"]
[EventDate "2022.08.13"]
[EventCountry "POL"]
[SourceTitle "playchess.com"]
[Source "ChessBase"]
[SourceQuality "1"]
[TimeControl "40/5400+30:1800+30"]

1. e4 Nf6 2. e5 Nd5 3. d4 d6 4. c4 Nb6 5. f4 dxe5 6. fxe5 Nc6 7. Be3 Bf5 8. Nc3 e6 9. Nf3 Be7 10. Be2 O-O 11. O-O f6 12. exf6 Bxf6 13. Qd2 Qe7 14. Rad1 Rad8 15. Qe1 Bg6 16. g4 h6 17. Qg3 e5 18. d5 e4 19. dxc6 exf3 20. Rxf3 Rxd1+ 21. Nxd1 Be4 22. Rf1 Bxc6 23. Qf2 Qe4 24. Bf3 Qxc4 25. Bxc6 Qxc6 26. g5 hxg5 27. Nc3 Nc4 28. Bxg5 Be7 29. Qg3 Qc5+ 30. Kg2 Rxf1 31. Kxf1 Bxg5 32. h4 Qf5+ 33. Kg1 Bf4 34. Qe1 Qg4+ 35. Kh1 Qf3+ 0-1

[Event "58th Akiba Rubinstein B 2022"]
[Site "Polanica-Zdroj"]
[Date "2022.08.16"]
[Round "4.10"]
[White "Owoc, Jakub"]
[Black "Krzyzosiak, Marta"]
[Result "1-0"]
[ECO "A69"]
[WhiteElo "1756"]
[BlackElo "1666"]
[Annotator "NA RC"]
[PlyCount "87"]
[EventDate "2022.08.13"]
[EventCountry "POL"]
[SourceTitle "playchess.com"]
[Source "ChessBase"]
[SourceQuality "1"]
[TimeControl "40/5400+30:1800+30"]

1. d4 Nf6 2. c4 g6 3. Nc3 Bg7 4. e4 d6 5. f4 O-O 6. Nf3 c5 7. d5 e6 8. Be2 exd5 9. cxd5 Re8 10. e5 dxe5 11. fxe5 Ng4 12. e6 fxe6 13. Bg5 Bf6 14. Bxf6 Nxf6 15. d6 a6 16. O-O Nc6 17. Qd2 Kg7 18. Rad1 Bd7 19. Qe3 b6 20. Ne5 Nd4 21. Ne4 Nxe2+ 22. Qxe2 Bb5 23. Nc4 Bxc4 24. Qxc4 Nxe4 25. Qxe4 Qd7 26. b4 cxb4 27. Qxb4 b5 28. Qh4 Rf8 29. Rfe1 Rfe8 30. Re3 Rac8 31. Qd4+ Kg8 32. h4 Rc4 33. Qf6 Rg4 34. g3 Qd8 35. Qf3 Rc4 36. Qb7 Qf6 37. Rf3 Qg7 38. d7 Rd8 39. Qxa6 Rc2 40. Qxe6+ Kh8 41. Qe8+ Qg8 42. Re3 Rxa2 43. Qxd8 Qxd8 44. Re8+ 1-0

[Event "58th Akiba Rubinstein B 2022"]
[Site "Polanica-Zdroj"]
[Date "2022.08.16"]
[Round "4.11"]
[White "Penza, Denis"]
[Black "Blaszkiewicz, Jakub"]
[Result "1/2-1/2"]
[ECO "D10"]
[WhiteElo "1836"]
[BlackElo "1405"]
[Annotator "NA RC"]
[PlyCount "67"]
[EventDate "2022.08.13"]
[EventCountry "POL"]
[SourceTitle "playchess.com"]
[Source "ChessBase"]
[SourceQuality "1"]
[TimeControl "40/5400+30:1800+30"]

1. d4 d5 2. c4 c6 3. cxd5 cxd5 4. Nf3 Nf6 5. Nc3 Nc6 6. Bf4 e6 7. e3 a6 8. Be2 Bd6 9. Bxd6 Qxd6 10. O-O O-O 11. Rc1 b5 12. a4 b4 13. Nb1 Ne4 14. Nbd2 f5 15. Ne1 Rf6 16. f4 g5 17. Nd3 Rh6 18. Nxe4 dxe4 19. Ne5 Nxe5 20. fxe5 Qe7 21. Qe1 Bb7 22. Qg3 Rf8 23. Rc5 Rg6 24. Bh5 Rg7 25. Rfc1 f4 26. Qh3 f3 27. Bg4 f2+ 28. Kf1 a5 29. Bxe6+ Kh8 30. Bc4 g4 31. Qh5 Rg5 32. Qh4 Rxe5 33. Qxe7 Rxe7 34. Rc2 1/2-1/2

[Event "58th Akiba Rubinstein B 2022"]
[Site "Polanica-Zdroj"]
[Date "2022.08.16"]
[Round "4.12"]
[White "Jedrzejko, Martyna"]
[Black "Graff, Slawomir"]
[Result "0-1"]
[ECO "C00"]
[WhiteElo "1533"]
[BlackElo "1782"]
[Annotator "NA RC"]
[PlyCount "126"]
[EventDate "2022.08.13"]
[EventCountry "POL"]
[SourceTitle "playchess.com"]
[Source "ChessBase"]
[SourceQuality "1"]
[TimeControl "40/5400+30:1800+30"]

1. e4 e6 2. d3 d5 3. Nd2 c5 4. Ngf3 Nc6 5. g3 Bd6 6. Bg2 Nge7 7. O-O O-O 8. Re1 f6 9. Nf1 d4 10. h4 e5 11. h5 Bg4 12. h6 g5 13. N1h2 Be6 14. Nd2 Kh8 15. Nc4 Bc7 16. Qh5 Qe8 17. Bf3 Ng8 18. Qxe8 Raxe8 19. Ng4 Re7 20. a4 Bxg4 21. Bxg4 Nxh6 22. Bh3 Nb4 23. Na3 Kg7 24. Bd2 Nf7 25. Rf1 h5 26. f3 Rh8 27. Kg2 h4 28. f4 exf4 29. gxf4 gxf4 30. Bxf4 Bxf4 31. Rxf4 Rh6 32. Raf1 Re5 33. Rf5 Nd6 34. R5f4 Rg5+ 35. Kh2 Nf7 36. Bf5 Nd6 37. Bh3 b6 38. Bd7 Kf7 39. R1f2 Ke7 40. Bh3 Nf7 41. Nc4 Nc6 42. Na3 Nfe5 43. Nb5 a6 44. Nc7 Nb4 45. Na8 Nexd3 46. cxd3 Nxd3 47. R4f3 Nxf2 48. Rxf2 Re5 49. Bf5 b5 50. axb5 axb5 51. Rd2 Kd6 52. Nb6 Kc6 53. Nc8 Rh8 54. Na7+ Kb6 55. Nc8+ Ka5 56. Nd6 Re7 57. Kh3 Kb4 58. Nc8 Rxc8 59. Bxc8 Rxe4 60. Bf5 Rf4 61. Bg4 c4 62. Bd1 d3 63. Bg4 Kc5 0-1

[Event "58th Akiba Rubinstein B 2022"]
[Site "Polanica-Zdroj"]
[Date "2022.08.16"]
[Round "4.13"]
[White "Bartlomowicz, Jakub"]
[Black "Nowak, Roksana"]
[Result "1-0"]
[ECO "B96"]
[WhiteElo "1922"]
[BlackElo "1779"]
[Annotator "NA RC"]
[PlyCount "63"]
[EventDate "2022.08.13"]
[EventCountry "POL"]
[SourceTitle "playchess.com"]
[Source "ChessBase"]
[SourceQuality "1"]
[TimeControl "40/5400+30:1800+30"]

1. e4 c5 2. Nf3 d6 3. d4 cxd4 4. Nxd4 Nf6 5. Nc3 a6 6. Bg5 e6 7. f4 h6 8. Bh4 Qb6 9. a3 Be7 10. Bf2 Qc7 11. Qf3 Nbd7 12. O-O-O b5 13. g4 g5 14. h4 gxf4 15. Be2 Ne5 16. Qxf4 Nexg4 17. Bxg4 e5 18. Qxf6 Bxf6 19. Nd5 Qb7 20. Nxf6+ Kf8 21. Bxc8 Rxc8 22. Nf5 Qc6 23. c3 Rd8 24. Rhg1 d5 25. Nxd5 h5 26. Be3 f6 27. Bh6+ Ke8 28. Rg7 Rxh6 29. Nxh6 Rxd5 30. Rxd5 Qb6 31. Nf5 a5 32. Rd6 1-0